 Dungeon Crawl Stone Soup version 0.14-a0-1739-g6c2808e (webtiles) character file.

311 Kae the Insei (level 5, -5/40 HPs)
             Began as a Draconian Transmuter on Jan 3, 2014.
             Killed by divine providence
             ... invoked by an orc priest
              (16 damage)
             ... on Level 2 of the Dungeon.
             The game lasted 00:05:38 (3517 turns).

Kae the Insei (Draconian Transmuter)                Turns: 3517, Time: 00:05:38

HP  -5/40        AC  5     Str 17      XL: 5   Next: 19%
MP   8/9         EV 12     Int 13      God:
Gold 149         SH  0     Dex 13      Spells:  1 memorised,  7 levels left

rFire  . . .     SeeInvis .       - Unarmed
rCold  . . .     Clarity  .     (armour unavailable)
rNeg   . . .     Conserve .     (no shield)
rPois  .         rCorr    .     n - +0 elf cap
rElec  .         rRot     .     (no cloak)
SustAb . .       Spirit   .     (no gloves)
rMut   .         Warding  .     (boots unavailable)
Saprov . . .     Stasis   .     (no amulet)
                                (no ring)
                                (no ring)

@: appendage, mighty, slightly resistant to hostile enchantments, unstealthy
A: unfitting armour, talons 3, AC +5
a: End Transformation


You were on level 2 of the Dungeon.
You were hungry.
You had grown temporary talons.
You visited 1 branch of the dungeon, and saw 3 of its levels.

You collected 149 gold pieces.

Inventory:

Hand weapons
 e - a +1,+3 orcish mace of crushing
Missiles
 b - 42 arrows
Armour
 n - a +0 elven cap (worn)
Comestibles
 a - 3 bread rations
 c - a meat ration
 f - 2 apples
 h - 13 sultanas
 x - 2 rotting chunks of gnoll flesh
Scrolls
 l - a scroll of immolation {unknown}
 p - a scroll of blinking {unknown}
 t - a scroll of remove curse
 v - a scroll of teleportation {unknown}
 w - a scroll of identify {unknown}
Jewellery
 r - an uncursed ring of teleportation
 s - an uncursed amulet of clarity {unknown}
Potions
 i - a potion of mutation {unknown}
 j - a potion of restore abilities {unknown}
 k - a potion of lignification {unknown}
 m - 3 potions of brilliance {unknown}
 o - a potion of invisibility {unknown}
 q - 3 potions of heal wounds {unknown}
 u - a potion of curing {unknown}
Books
 d - a book of Changes

   Spells                             Type                      Level
   *Beastly Appendage                 Transmutation                1
   Sticks to Snakes                   Transmutation                2
   Spider Form                        Transmutation/Poison         3
   Ice Form                           Ice/Transmutation            4
   Blade Hands                        Transmutation                5


   Skills:
 - Level 1.1 Fighting
 - Level 1.7 Dodging
 * Level 5.1 Unarmed Combat
 - Level 2.0 Spellcasting
 + Level 3.5 Transmutations


You had 7 spell levels left.
You knew the following spells:

 Your Spells              Type           Power        Failure   Level  Hunger
a - Beastly Appendage     Trmt           ##....       8%          1    ##.....


Dungeon Overview and Level Annotations

Branches:
Dungeon (3/16)

Altars:
Vehumet

Annotations:
D:3 Grinder


Innate Abilities, Weirdness & Mutations

Your plain brown scales are hard (AC +5).
Your body does not fit into most forms of armour.
Your cold-blooded metabolism reacts poorly to cold.
You have claws for feet.


Message History

The orc priest mumbles some strange prayers to Beogh.
You feel a wave of unholy energy pass over you.
The orc hits you with an orcish club. The orc hits you with an orcish flail.
Unknown command.
You hit the orc priest.
The orc priest is moderately wounded.
The orc priest mumbles some strange prayers to Beogh against you.
Pain shoots through your body! The orc hits you with an orcish club.
You barely miss the orc priest. Your kick misses the orc priest.
The orc priest is moderately wounded.
The orc barely misses you.
The orc priest invokes the aid of Beogh against you.
You strain under the huge effort it takes to resist.
The orc hits you with an orcish club.
* * * LOW HITPOINT WARNING * * *
Drink which item? (? for menu, Esc to quit)
You feel very mighty all of a sudden.
The orc priest mumbles some strange prayers to Beogh against you.
Something smites you!
You die...

## ######## .# #......# .#
#......# .# #......# .#
#......############ .#
#####.......o@o.......# .#
#..........##o#######.# ##
#.....###...#.# #.#
####.....#####.#.# #.#
...#...........#.#######.#
...'..............w......#
...###...#...#...#######.#
...# #.......##..# #.#
...# #...###.....# #.#


You could see an orc priest and 2 orcs.

Vanquished Creatures
  An orc priest (D:3)
  Jessica (D:2)
  4 gnolls (D:3)
  A giant mite (D:2)
  2 worms (D:2)
  A giant gecko (D:2)
  2 orcs (D:2)
  2 ball pythons
  7 bats
  6 goblins (D:2)
  A hobgoblin (D:2)
  5 jackals (D:1)
  4 giant cockroaches
  A giant newt (D:1)
  9 kobolds
  5 rats
52 creatures vanquished.

Notes
Turn   | Place    | Note
--------------------------------------------------------------
     0 | D:1      | Kae, the Draconian Transmuter, began the quest for the Orb.
     0 | D:1      | Reached XP level 1. HP: 16/16 MP: 3/3
   451 | D:1      | Reached XP level 2. HP: 18/23 MP: 4/4
   994 | D:2      | HP: 1/23 [worm (8)]
  1288 | D:2      | Reached XP level 3. HP: 3/28 MP: 4/6
  1696 | D:2      | Reached skill level 4 in Unarmed Combat
  1967 | D:2      | Noticed Jessica
  1992 | D:2      | Killed Jessica
  2092 | D:2      | Reached XP level 4. HP: 13/35 MP: 5/7
  2966 | D:3      | Found a radiant altar of Vehumet.
  3089 | D:3      | Reached skill level 5 in Unarmed Combat
  3089 | D:3      | Reached XP level 5. HP: 29/40 MP: 7/9
  3405 | D:3      | Noticed an orc warrior
  3452 | D:3      | Noticed Grinder
  3517 | D:2      | Killed from afar by an orc priest

Action                   |  1- 3 |  4- 6 || total
-------------------------+-------+-------++-------
Melee: Unarmed           |   147 |    47 ||   194
       Mace              |       |    10 ||    10
 Cast: Beastly Appendage |    18 |    13 ||    31
  Use: Scroll            |     2 |       ||     2
       Potion            |     1 |     1 ||     2
